 Dungeon Crawl Stone Soup version 0.25.0-45-g978344163c (webtiles) character file.

Game seed: 106500760378278267

41 Ethylacetat the Insei (level 3, -5/24 HPs)
             Began as an Octopode Transmuter on July 11, 2020.
             Killed from afar by a white imp (11 damage)
             ... with a puff of frost
             ... summoned by Natasha
             ... on level 3 of the Dungeon.
             The game lasted 00:03:13 (1823 turns).

Ethylacetat the Insei (Octopode Transmuter)         Turns: 1823, Time: 00:03:13

Health: -5/24      AC:  1    Str: 10    XL:     3   Next: 52%
Magic:  6/6        EV: 13    Int: 15    God:
Gold:   65         SH:  0    Dex: 12    Spells: 5/6 levels left

rFire    . . .     SeeInvis .     - Unarmed
rCold    . . .     Gourm    .   (no shield)
rNeg     . . .     Faith    .   (helmet restricted)
rPois    .         Spirit   .   (no amulet)
rElec    .         Reflect  .   (no ring)
rCorr    .         Harm     .   (no ring)
MR       .....                  (no ring)
Stlth    ++........             (no ring)
HPRegen  0.08/turn              (no ring)
MPRegen  0.10/turn              (no ring)
                                (no ring)
                                (no ring)

@: no status effects
A: almost no armour, stealthy swim, amphibious, 8 rings, constrict 8, camouflage
1, gelatinous body 1
a: no special abilities


You were on level 3 of the Dungeon.
You were near starving.

You visited 1 branch of the dungeon, and saw 3 of its levels.

You collected 65 gold pieces.

Inventory:

Missiles
 a - 41 arrows
Scrolls
 b - a scroll of immolation {unknown}
 f - a scroll of teleportation {unknown}
 g - a scroll of identify {unknown}
Potions
 d - a potion of invisibility {unknown}
 e - a potion of haste {unknown}
 h - a potion of curing {unknown}
Comestibles
 c - 3 rations


   Skills:
 * Level 2.1 Fighting
 - Level 2.0 Dodging
 * Level 3.3 Unarmed Combat
 + Level 2.1 Spellcasting
 * Level 2.6 Transmutations


You had 5 spell levels left.
You knew the following spells:

 Your Spells              Type           Power        Failure   Level  Hunger
a - Beastly Appendage     Tmut           #.....       8%          1    #......

Your spell library contained the following spells:

 Spells                   Type           Power        Failure   Level  Hunger
 Sticks to Snakes         Tmut           #.......     12%         2    ###....
 Spider Form              Tmut/Pois      #.........   36%         3    ###....
 Ice Form                 Ice/Tmut       #.......     77%         4    #####..
 Blade Hands              Tmut           #.........   91%         5    ######.


Dungeon Overview and Level Annotations

Branches:
Dungeon (3/15)

Altars:

Annotations:
D:3 Natasha


Innate Abilities, Weirdness & Mutations

You cannot wear most types of armour.
You are very stealthy in the water. (Stealth+)
You are amphibious.
You can wear up to eight rings at the same time.
You can use your tentacles to constrict eight enemies at once.
Your skin changes colour to match your surroundings (Stealth+).
Your rubbery body absorbs attacks. (AC +1, EV +1)


Message History

An orc and Natasha come into view.
Natasha hisses angrily.
The orc shouts!
Found a stone staircase leading up.
There is a stone staircase leading up here.
The orc throws a boomerang.
The boomerang closely misses you.
The weapon returns to the orc!
There is a stone staircase leading up here.
Natasha casts a spell.
The orc throws a boomerang.
The boomerang barely misses you.
The weapon returns to the orc!
The white imp gestures at you. The puff of frost hits you! Natasha misses you.
The white imp hits you. The white imp freezes you.
There is a stone staircase leading up here.
The orc throws a boomerang.
The boomerang hits you.
The weapon returns to the orc!
Natasha claws you.
* * * LOW HITPOINT WARNING * * *
The white imp gestures at you. The puff of frost hits you!
You die...

.. ##+# <..
#.... #.# .
.....###.#####..
...............
....o........#
.............#
........h5.^.#
.#+#.###@#####..
...............
..#.###........
.........
##.#####.. #.# .
... ... #.#


You could see Natasha, a white imp (summoned) and an orc.

Vanquished Creatures
  2 dart slugs
  A leopard gecko (D:1)
  4 bats (D:1)
  7 goblins
  4 hobgoblins (D:1)
  8 kobolds
  2 quokkas (D:2)
  3 rats (D:1)
31 creatures vanquished.

Notes
Turn   | Place    | Note
-------+----------+-------------------------------------------
     0 | D:1      | Ethylacetat the Octopode Transmuter began the quest for the
                  | Orb.
     0 | D:1      | Reached XP level 1. HP: 13/13 MP: 3/3
   122 | D:1      | Reached XP level 2. HP: 13/18 MP: 5/5
   782 | D:1      | Reached XP level 3. HP: 24/24 MP: 6/6
  1817 | D:3      | Noticed Natasha
  1823 | D:3      | Killed from afar by a white imp

Illustrated notes

Levels and vault maps discovered:
D:1:      mrwooster_arrival_statue_2, layout_basic, minmay_misc_feat_encased,
          minmay_misc_feat_alley
D:2:      layout_basic
D:3:      layout_basic, gammafunk_temple_overflow_statue, uniq_terence,
          uniq_natasha

Skill      XL: |  1  2  3 |
---------------+----------+-----
Fighting       | 2 |  2.1
Dodging        | |  2.0
Unarmed Combat | |  3.3
Spellcasting   | |  2.1
Transmutations | |  2.6

Action                   || total
-------------------------++-------
Melee: Unarmed           ||    75
       Constrict         ||    20
       Tentacles         ||    12
       Punch             ||     1
 Stab: Sleeping          ||     6
  Eat: Chunk             ||     1
Armor: Skin              ||    12
Dodge: Dodged            ||    51
